[Event "Titled Tuesday Blitz May 03 Late 2022"]
[White "Prohorov, Olexandr"]
[Black "Petrovic, Aleksa"]
[WhiteFideId "14105578"]
[BlackFideId "967629"]
[WhiteElo "1993"]
[BlackElo "2198"]
[Result "1-0"]
[Round "10"]
[TimeControl "180+1"]
[Date "2022.05.03"]
[WhiteClock "0:00:30"]
[BlackClock "0:00:02"]

1. Nf3 Nf6 2. c4 e6 3. Nc3 d5 4. d4 c6 5. e3 Nbd7 6. Qc2 Bd6 7. g4 Bb4 8. Rg1 Qa5 9. Bd2 dxc4 10. Bxc4 e5 11. a3 exd4 12. Nxd4 Ne5 13. g5 Nxc4 14. gxf6 gxf6 15. Nb3 Qh5 16. axb4 Ne5 17. Nd4 Bg4 18. Qe4 O-O-O 19. Rxg4 Nxg4 20. Qf3 Qg6 21. b5 Ne5 22. Qh3+ Kb8 23. bxc6 Rxd4 24. exd4 Qg1+ 25. Qf1 Nf3+ 26. Ke2 Qg4 27. Kd1 Nxd4+ 28. f3 Nxf3 29. Ra4 Nd4+ 30. Kc1 Rd8 31. c7+ Kxc7 32. Nb5+ Kb8 33. Qf4+ Qxf4 34. Bxf4+ Kc8 35. Nxd4 Rg8 36. Rc4+ Kd7 37. Bg3 Rc8 38. Rxc8 Kxc8 39. Kc2 Kd7 40. Kd3 b6 41. Kc4 a6 42. Kd5 a5 43. Nb5 h6 44. Bf2 h5 45. Bxb6 f5 46. Bxa5 f4 47. Be1 f3 48. Bf2 f6 49. Ke4 Kc6 50. Kxf3 Kxb5 51. Kf4 Kc4 52. Kf5 Kd3 53. Kxf6 Kc2 54. Bd4 Kd3 55. Kg5 Kxd4 56. Kxh5 Ke5 57. Kg6 Ke6 58. h4 1-0


[Site "https://www.chess.com"]

[Event "Titled Tuesday Blitz May 03 Late 2022"]
[White "Przybylski, Wojciech"]
[Black "Fiorito, Fabian"]
[WhiteFideId "1117599"]
[BlackFideId "100200"]
[WhiteElo "2133"]
[BlackElo "2395"]
[Result "0-1"]
[Round "10"]
[TimeControl "180+1"]
[Date "2022.05.03"]
[WhiteClock "0:00:01"]
[BlackClock "0:00:20"]

1. d4 d5 2. c4 c6 3. Nf3 Nf6 4. Nc3 g6 5. cxd5 cxd5 6. g3 Bg7 7. Bg2 O-O 8. O-O Nc6 9. Qb3 a6 10. h3 e6 11. Bf4 Ne4 12. Rfd1 Nxc3 13. Qxc3 Bd7 14. Bd6 Re8 15. Rac1 Qb6 16. Ne5 Nxe5 17. dxe5 Rac8 18. Qa3 Bb5 19. e3 h5 20. b3 Be2 21. Re1 Bd3 22. Red1 Bc2 23. Rd2 Bf5 24. Rd4 f6 25. Rb4 Qd8 26. Rxb7 fxe5 27. Rxg7+ Kxg7 28. Bxe5+ Kh7 29. Rxc8 Qxc8 30. Qd6 a5 31. Qb6 Re7 32. Qxa5 Rb7 33. Qd2 Qc5 34. Kh2 Rf7 35. Bc3 Be4 36. Bxe4 dxe4 37. Kg2 Qf5 38. Bd4 e5 39. Bb2 Rd7 40. Qe2 Rf7 41. Bc3 Rc7 0-1


[Site "https://www.chess.com"]

[Event "Titled Tuesday Blitz May 03 Late 2022"]
[White "Rasulov, Vugar"]
[Black "Andreikin, Dmitry"]
[WhiteFideId "13402390"]
[BlackFideId "4158814"]
[WhiteElo "2560"]
[BlackElo "2736"]
[Result "1/2-1/2"]
[Round "10"]
[TimeControl "180+1"]
[Date "2022.05.03"]
[WhiteClock "0:00:06"]
[BlackClock "0:00:03"]

1. d4 d5 2. c4 e6 3. Nf3 Nf6 4. g3 Be7 5. Bg2 O-O 6. O-O c6 7. Qc2 b6 8. Bf4 Ba6 9. b3 Nbd7 10. Rc1 Rc8 11. a4 c5 12. dxc5 Bxc5 13. Nbd2 Qe7 14. Qb2 h6 15. Ne5 Rfd8 16. Nd3 e5 17. Nxe5 Nxe5 18. Bxe5 Ng4 19. Bd4 dxc4 20. Bxc5 Qxc5 21. Ne4 Qb4 22. Rc3 f5 23. Nd2 cxb3 24. Rxc8 Bxc8 25. Qxb3+ Qxb3 26. Nxb3 Be6 27. Rb1 Bxb3 28. Rxb3 Rd1+ 29. Bf1 Nxh2 30. Kxh2 Rxf1 31. Rf3 Ra1 32. Rf4 g5 33. Rd4 Ra2 34. Kg2 Rxe2 35. Rd7 a5 36. Rd6 Kg7 37. Rxb6 Re5 38. Rb7+ Kg6 39. Rb6+ Kg7 40. Rb7+ Kf6 41. Rb6+ Kf7 42. Rxh6 Re4 43. Rh7+ Ke6 44. Rh6+ Ke5 45. Rb6 Rxa4 46. Rb5+ Ke6 47. Rb6+ Kf7 48. Rb7+ Kg6 49. Rb6+ Kh5 50. Rb5 Kg6 51. Rb6+ Kg7 52. Rb5 Kf6 53. Rb6+ Ke7 54. Rb5 Ke6 55. Rb6+ Kd5 56. Rb5+ Kc4 57. Rxf5 g4 58. Rg5 Kb3 59. Rb5+ Kc3 60. Rc5+ Kd3 61. Rd5+ Kc3 62. Rc5+ Kb3 63. Rb5+ Kc4 64. Rf5 Kc3 65. Rc5+ 1/2-1/2


[Site "https://www.chess.com"]

[Event "Titled Tuesday Blitz May 03 Late 2022"]
[White "Remolar Gallen, Jose"]
[Black "Stevens, Christian"]
[WhiteFideId "2215187"]
[BlackFideId "2604450"]
[WhiteElo "2205"]
[BlackElo "2514"]
[Result "0-1"]
[Round "10"]
[TimeControl "180+1"]
[Date "2022.05.03"]
[WhiteClock "0:00:04"]
[BlackClock "0:00:02"]

1. d4 Nf6 2. c4 e6 3. Nc3 d5 4. Bg5 dxc4 5. e4 h6 6. Bxf6 Qxf6 7. Bxc4 a6 8. Nf3 c5 9. d5 b5 10. e5 Qd8 11. Be2 b4 12. dxe6 bxc3 13. Qa4+ Ke7 14. Rd1 Qb6 15. Qh4+ f6 16. exf6+ gxf6 17. Ne5 Rg8 18. Qh5 Bxe6 19. Ng6+ Rxg6 20. Qxg6 Nd7 21. Bh5 Ne5 22. Qh7+ Bf7 23. bxc3 Qb5 24. Be2 c4 25. O-O Qc5 26. Rfe1 Rd8 27. Rxd8 Kxd8 28. Qh8 Kc7 29. Qxf6 Bd6 30. Bf3 Nxf3+ 31. Qxf3 Bd5 32. Qh5 Kc6 33. Qxh6 Qa3 34. Qg7 Qxa2 35. Qd4 Qc2 36. Rd1 Qe4 37. Qxe4 Bxe4 38. f3 Bd3 39. h4 a5 40. Kf2 Be5 41. h5 Bxc3 42. g4 a4 43. g5 a3 44. h6 a2 45. Rh1 a1=Q 46. Rxa1 Bxa1 47. f4 Kd5 48. Kf3 Bf5 49. Kg3 Bh8 50. Kh4 Ke6 51. Kh5 Kf7 52. g6+ Bxg6+ 53. Kg5 c3 54. f5 Bf6+ 55. Kf4 Bh7 56. Ke3 c2 57. Kd2 Bxf5 58. Kc1 Bg5+ 59. Kb2 c1=Q+ 60. Kb3 Bd2 61. Ka4 Qc2+ 62. Kb5 Bd3+ 63. Kb6 Be3+ 64. Ka5 Qc3+ 65. Ka4 Qb2 66. h7 Bd2 67. h8=Q Qb4# 0-1


[Site "https://www.chess.com"]

[Event "Titled Tuesday Blitz May 03 Late 2022"]
[White "Reprintsev, Alexander"]
[Black "Koelle, Tobias"]
[WhiteFideId "14100541"]
[BlackFideId "16207378"]
[WhiteElo "2108"]
[BlackElo "2541"]
[Result "1-0"]
[Round "10"]
[TimeControl "180+1"]
[Date "2022.05.03"]
[WhiteClock "0:00:06"]
[BlackClock "0:00:21"]

1. e4 Nc6 2. d4 d5 3. exd5 Qxd5 4. Nf3 Bg4 5. Be2 O-O-O 6. Be3 e5 7. c4 Qa5+ 8. Bd2 Qb6 9. c5 Bxc5 10. dxc5 Qxc5 11. O-O e4 12. Ng5 Bxe2 13. Qxe2 Nf6 14. Be3 Qf5 15. Nxf7 Ne5 16. Nxe5 Qxe5 17. Nc3 h5 18. Qb5 Qe6 19. Rad1 h4 20. h3 g5 21. Bxg5 Rdg8 22. Bxf6 Qxf6 23. Qd7+ Kb8 24. Nxe4 Qg6 25. Qg4 Qc6 26. Qf3 Rf8 27. Qe3 Rhg8 28. f3 Qg6 29. Rd2 b6 30. Rfd1 Qh5 31. Kh1 Qf5 32. a4 a5 33. b3 Qe5 34. Qd4 Qh5 35. Qd3 Qg6 36. Nc3 Qg3 37. Nb5 Rg7 38. Qe4 Rgg8 39. Rc2 Re8 40. Qc4 Rg7 41. Rf1 Re5 42. Nxc7 Rc5 43. Na6+ Ka8 44. Nxc5 bxc5 45. Qd5+ Kb8 46. Qxc5 Ka8 47. Qd5+ Ka7 48. Rfc1 Qf4 49. Qxa5+ Kb7 50. Qb5+ Ka7 51. Qc5+ Ka6 52. Qc6+ Ka7 53. Qe4 Qd6 54. Rc6 Qg3 55. Qd4+ Ka8 56. Rc8+ Kb7 57. Qd5+ Ka7 58. Qa5+ Kb7 59. Qa8+ Kb6 60. R8c6# 1-0


[Site "https://www.chess.com"]

[Event "Titled Tuesday Blitz May 03 Late 2022"]
[White "Richter, Nils"]
[Black "Thybo, Jesper Sondergaard"]
[WhiteFideId "12990809"]
[BlackFideId "1438832"]
[WhiteElo "2243"]
[BlackElo "2316"]
[Result "0-1"]
[Round "10"]
[TimeControl "180+1"]
[Date "2022.05.03"]
[WhiteClock "0:00:16"]
[BlackClock "0:00:06"]

1. Nf3 b6 2. e4 Bb7 3. Nc3 Nf6 4. e5 Ne4 5. Bd3 Nxc3 6. dxc3 e6 7. Bf4 Be7 8. Qd2 Bxf3 9. gxf3 d5 10. O-O-O c6 11. Rhg1 g6 12. Qe2 Nd7 13. c4 Nc5 14. cxd5 Nxd3+ 15. Rxd3 cxd5 16. Kb1 Rc8 17. Bh6 Rc4 18. Rb3 Qc7 19. Bg7 Rg8 20. Bh6 Kd7 21. f4 Rc8 22. Rc1 Ke8 23. a3 a5 24. Rg3 b5 25. f5 exf5 26. e6 f6 27. b3 Re4 28. Qxb5+ Qc6 29. Qxa5 Rxe6 30. Bd2 Ra8 31. Qc3 Qxc3 32. Bxc3 Bxa3 33. Bb2 Bxb2 34. Kxb2 Re2 35. Rd1 Rc8 36. Re3+ Rxe3 37. fxe3 Rc5 38. b4 Rc4 39. Kb3 Re4 40. Rxd5 Rxe3+ 41. c3 f4 42. b5 f3 43. Rd4 g5 44. Rd5 Re5 45. Rd6 Ke7 46. Rd2 Rxb5+ 47. Kc4 Rf5 48. Rf2 g4 49. Kd4 h5 50. c4 Rf4+ 51. Kd5 h4 52. c5 g3 53. hxg3 hxg3 54. Ra2 f2 55. Ra7+ Kf8 56. Ra8+ Kg7 57. Ra7+ Kg6 0-1


[Site "https://www.chess.com"]

[Event "Titled Tuesday Blitz May 03 Late 2022"]
[White "Romanchuk, Viktor"]
[Black "D`Arruda, Ricardo D."]
[WhiteFideId "14109271"]
[BlackFideId "100692"]
[WhiteElo "2242"]
[BlackElo "2443"]
[Result "1/2-1/2"]
[Round "10"]
[TimeControl "180+1"]
[Date "2022.05.03"]
[WhiteClock "0:00:30"]
[BlackClock "0:00:39"]

1. d4 Nf6 2. c4 e5 3. dxe5 Ne4 4. Nd2 Nc5 5. Nb3 Nxb3 6. axb3 Nc6 7. Nf3 Bb4+ 8. Bd2 Qe7 9. e3 Nxe5 10. Be2 Bxd2+ 11. Qxd2 d6 12. Nxe5 dxe5 13. Bf3 c6 14. O-O O-O 15. Rfd1 Be6 16. Qc3 f6 17. b4 a6 18. c5 Rad8 19. h3 Rxd1+ 20. Rxd1 Rd8 21. Rd2 Rd7 22. Qc1 Qd8 23. Rxd7 Qxd7 24. Qd1 Qxd1+ 25. Bxd1 Kf7 26. Kf1 Bc4+ 27. Ke1 g5 28. Bg4 Be6 29. Bxe6+ Kxe6 30. e4 h5 31. g4 h4 32. Kd2 Kd7 33. Kc3 Kc7 34. Kb3 Kb8 35. Ka4 Ka8 36. Ka5 Ka7 37. f3 Ka8 38. Kb6 Kb8 39. b3 Kc8 40. Ka7 Kc7 41. Ka8 Kc8 42. Ka7 Kc7 43. Ka8 Kc8 44. Ka7 1/2-1/2


[Site "https://www.chess.com"]

[Event "Titled Tuesday Blitz May 03 Late 2022"]
[White "Rosen, Eric"]
[Black "Golubev, Mikhail"]
[WhiteFideId "2032562"]
[BlackFideId "14100983"]
[WhiteElo "2362"]
[BlackElo "2374"]
[Result "0-1"]
[Round "10"]
[TimeControl "180+1"]
[Date "2022.05.03"]
[WhiteClock "0:00:02"]
[BlackClock "0:00:09"]

1. d4 Nf6 2. Bf4 d6 3. Nc3 Nbd7 4. Nf3 c5 5. d5 b5 6. Nxb5 Rb8 7. e4 Rxb5 8. Bxb5 Qa5+ 9. Nd2 Qxb5 10. Rb1 g6 11. c4 Qa5 12. O-O Bg7 13. a3 O-O 14. Qc2 Nh5 15. Be3 Ne5 16. b4 Qc7 17. h3 f5 18. bxc5 f4 19. cxd6 exd6 20. Bd4 f3 21. g4 Nf4 22. Bxe5 Bxe5 23. Nxf3 Nxh3+ 24. Kg2 Rxf3 25. Kxf3 Qf7+ 26. Ke2 Bxg4+ 27. f3 Bh5 28. Rb8+ Kg7 29. Qd2 Nf4+ 30. Kd1 Qc7 31. Qb4 Kh6 32. Rb7 Qc8 33. Rxa7 Qh3 34. Qe1 Bxf3+ 35. Kc1 Bxe4 36. Rxf4 Bxf4+ 37. Kb2 Be5+ 38. Ka2 Qg2+ 39. Kb3 Qc2+ 40. Kb4 Qb2+ 41. Ka5 Bc3+ 42. Qxc3 Qxc3+ 43. Kb5 Qb3+ 44. Ka6 Qxc4+ 45. Kb6 Qc5+ 46. Kb7 Qxd5+ 47. Kb6 Qc5+ 48. Ka6 Qc6+ 49. Ka5 Bd3 50. a4 Qc5# 0-1


[Site "https://www.chess.com"]

[Event "Titled Tuesday Blitz May 03 Late 2022"]
[White "Rustemov, Alexander"]
[Black "Skliarov, Viktor"]
[WhiteFideId "4119002"]
[BlackFideId "14106736"]
[WhiteElo "2733"]
[BlackElo "2229"]
[Result "0-1"]
[Round "10"]
[TimeControl "180+1"]
[Date "2022.05.03"]
[WhiteClock "0:00:01"]
[BlackClock "0:00:07"]

1. d4 Nf6 2. c4 e6 3. Nf3 b6 4. a3 Bb7 5. Nc3 d5 6. Bg5 Be7 7. Bxf6 Bxf6 8. cxd5 exd5 9. Qa4+ c6 10. g3 O-O 11. Rd1 a5 12. Bg2 Na6 13. O-O b5 14. Qc2 b4 15. Na4 Qe7 16. Rd3 Rfe8 17. e3 Rab8 18. Rc1 bxa3 19. bxa3 Nc7 20. Nc5 Bc8 21. Qa4 Bf5 22. Rd2 Nb5 23. Ne1 Qa7 24. Ned3 Bd8 25. Rdc2 Bc7 26. Bf1 Bd6 27. Ra2 h5 28. h4 g6 29. Nb3 Bxg3 30. Qxa5 Qe7 31. fxg3 Qxe3+ 32. Nf2 Qxg3+ 33. Bg2 Be4 34. Nxe4 Rxe4 35. Qb4 Rxh4 36. Rf1 Qh2+ 37. Kf2 Rf4+ 38. Ke1 Re8+ 39. Kd1 Rxf1+ 40. Bxf1 Qxa2 41. Nd2 Qa1+ 42. Kc2 Nxd4+ 43. Kd3 Ne6 44. Qc3 Nf4+ 45. Kc2 Qxc3+ 46. Kxc3 Re3+ 47. Kb2 c5 48. a4 c4 49. Nb1 Nd3+ 50. Kc3 Re1 51. Bxd3 cxd3 52. Nd2 Ra1 53. Kb3 h4 54. Nf3 h3 55. Kb4 d2 56. Nxd2 h2 57. Nb3 Rxa4+ 58. Kxa4 h1=Q 0-1


[Site "https://www.chess.com"]

[Event "Titled Tuesday Blitz May 03 Late 2022"]
[White "Sailer, Mike"]
[Black "Stojanovski, Sandi"]
[WhiteFideId "2012901"]
[BlackFideId "1403249"]
[WhiteElo "2109"]
[BlackElo "2307"]
[Result "0-1"]
[Round "10"]
[TimeControl "180+1"]
[Date "2022.05.03"]
[WhiteClock "0:00:01"]
[BlackClock "0:00:36"]

1. d4 Nf6 2. Nf3 e6 3. Bg5 h6 4. Bh4 c5 5. e3 b6 6. c3 Be7 7. Bd3 Ba6 8. O-O Bxd3 9. Qxd3 Nc6 10. Nbd2 O-O 11. a3 d5 12. Rfe1 a5 13. Rad1 a4 14. Bxf6 Bxf6 15. dxc5 bxc5 16. e4 Rb8 17. exd5 exd5 18. Qc2 Qb6 19. Rb1 Qa6 20. Qf5 Rfd8 21. h4 Qc8 22. Qf4 d4 23. cxd4 Nxd4 24. Nxd4 Rxd4 25. Qe3 Qg4 26. Nf3 Rc4 27. Rec1 Rb3 28. Qd2 Rxc1+ 29. Qxc1 Rxf3 30. Qxc5 Bd4 31. Qd5 Rxf2 32. Qxd4 Qxg2# 0-1


[Site "https://www.chess.com"]

[Event "Titled Tuesday Blitz May 03 Late 2022"]
[White "Sargsyan, Anna M."]
[Black "Sarana, Alexey"]
[WhiteFideId "13308130"]
[BlackFideId "24133795"]
[WhiteElo "2271"]
[BlackElo "2666"]
[Result "0-1"]
[Round "10"]
[TimeControl "180+1"]
[Date "2022.05.03"]
[WhiteClock "0:00:00"]
[BlackClock "0:00:44"]

1. d4 Nf6 2. c4 e6 3. Nf3 d5 4. Nc3 h6 5. Bf4 Bd6 6. Ne5 Nbd7 7. e3 Qe7 8. Be2 c6 9. O-O O-O 10. Bg3 Bb8 11. f4 Ne8 12. Qc2 Nd6 13. cxd5 exd5 14. Bd3 Nf6 15. Bh4 Qe6 16. f5 Qe7 17. Ng4 Nde8 18. e4 Qb4 19. Nxf6+ gxf6 20. Qf2 Kh7 21. Kh1 Rg8 22. Rae1 Rg4 23. Bg3 Bxg3 24. hxg3 Nd6 25. Qf3 Rg5 26. e5 Ne8 27. e6 Qf8 28. e7 Qg7 29. Kh2 Bd7 30. Qf4 Rg4 0-1


[Site "https://www.chess.com"]

[Event "Titled Tuesday Blitz May 03 Late 2022"]
[White "Seletsky, Grigory"]
[Black "Piliczewski, Bogusz"]
[WhiteFideId "14112191"]
[BlackFideId "1104144"]
[WhiteElo "2492"]
[BlackElo "1896"]
[Result "1-0"]
[Round "10"]
[TimeControl "180+1"]
[Date "2022.05.03"]
[WhiteClock "0:01:57"]
[BlackClock "0:00:01"]

1. e4 c6 2. d4 d5 3. e5 c5 4. dxc5 e6 5. a3 Bxc5 6. b4 Bb6 7. Nf3 Nd7 8. Bb2 Ne7 9. Bd3 Ng6 10. h4 Bc7 11. Bxg6 hxg6 12. Nc3 Nxe5 13. Nb5 Nxf3+ 14. Qxf3 Bb8 15. Bxg7 Rxh4 16. O-O-O Qg5+ 17. Kb1 Rh5 18. Bf6 Qf5 19. Qxf5 exf5 20. Rxh5 gxh5 21. Rh1 a6 22. Nc3 Be6 23. Rh4 Bd6 24. Rxh5 Kd7 25. Ne2 Rg8 26. g3 Rg6 27. Bd4 Rg4 28. c3 Re4 29. Nc1 Re1 30. Kc2 Be5 31. Nd3 Re2+ 32. Kd1 Bxd4 33. Kxe2 Bxc3 34. Nc5+ Kc6 35. Nxb7 Kxb7 36. Kd3 Bb2 37. a4 1-0


[Site "https://www.chess.com"]

[Event "Titled Tuesday Blitz May 03 Late 2022"]
[White "Smail, Benedict"]
[Black "Ferreira, Vitor Hugo Vieira"]
[WhiteFideId "2050480"]
[BlackFideId "2119765"]
[WhiteElo "2070"]
[BlackElo "2165"]
[Result "0-1"]
[Round "10"]
[TimeControl "180+1"]
[Date "2022.05.03"]
[WhiteClock "0:00:02"]
[BlackClock "0:01:50"]

1. d4 d6 2. e4 Nf6 3. Nc3 g6 4. f4 Bg7 5. Nf3 O-O 6. e5 Nfd7 7. h4 dxe5 8. h5 exd4 9. Nxd4 e5 10. fxe5 Nxe5 11. hxg6 hxg6 12. Be2 Qxd4 13. Qxd4 Nf3+ 14. Bxf3 Bxd4 15. Nb5 Be5 16. Bh6 Re8 17. O-O-O a6 18. Na3 Nc6 19. Nc4 Bg7 20. Bf4 Be6 21. Nd2 Nd4 22. a3 Nxf3 23. Nxf3 c6 24. Bg5 Bd5 25. Rd3 Re2 26. Rd2 Rxg2 27. Rxg2 Bxf3 28. Rhh2 Bxg2 29. Rxg2 Re8 30. Kd2 Bxb2 31. a4 Kg7 32. Kd3 Bf6 33. Be3 Rd8+ 34. Kc4 b5+ 35. Kc5 bxa4 36. Kxc6 a3 37. c4 Re8 38. Bc5 Bb2 39. Kb6 a2 40. Rxb2 a1=Q 41. Bd4+ Kg8 0-1


[Site "https://www.chess.com"]

[Event "Titled Tuesday Blitz May 03 Late 2022"]
[White "Suarez Uriel, Adrian"]
[Black "Avalos Parra, Joao"]
[WhiteFideId "22230874"]
[BlackFideId "3402541"]
[WhiteElo "2316"]
[BlackElo "2173"]
[Result "1-0"]
[Round "10"]
[TimeControl "180+1"]
[Date "2022.05.03"]
[WhiteClock "0:02:12"]
[BlackClock "0:00:06"]

1. e4 c6 2. Nc3 d5 3. Nf3 Nf6 4. e5 Ne4 5. Ne2 Qb6 6. d4 e6 7. Ng3 c5 8. Bd3 Nxg3 9. fxg3 cxd4 10. O-O Nc6 11. a3 Be7 12. Qe2 f6 13. exf6 Bxf6 14. Ng5 O-O 15. Bxh7+ Kh8 16. Bd3 g6 17. Nxe6 Bxe6 18. Qxe6 Ne7 19. Rxf6 1-0


[Site "https://www.chess.com"]

[Event "Titled Tuesday Blitz May 03 Late 2022"]
[White "Tristan, Leonardo"]
[Black "Gascon Del Nogal, Jose Rafael"]
[WhiteFideId "113816"]
[BlackFideId "3902463"]
[WhiteElo "2404"]
[BlackElo "2473"]
[Result "0-1"]
[Round "10"]
[TimeControl "180+1"]
[Date "2022.05.03"]
[WhiteClock "0:00:02"]
[BlackClock "0:00:29"]

1. d4 Nf6 2. Nf3 g6 3. Bf4 Bg7 4. e3 O-O 5. Be2 d6 6. O-O Nc6 7. c3 Nd7 8. e4 e5 9. Bg5 f6 10. Be3 h6 11. dxe5 dxe5 12. Qb3+ Kh7 13. Rd1 Qe7 14. Na3 a6 15. Rd2 Nc5 16. Qc4 Ne6 17. Rad1 Nf4 18. Bxf4 exf4 19. Nd4 Ne5 20. Qa4 Bd7 21. Qc2 Rad8 22. Nc4 Bc8 23. Nxe5 fxe5 24. Nf3 Rxd2 25. Qxd2 g5 26. h3 h5 27. h4 gxh4 28. Kh2 Bf6 29. Bc4 Bg4 30. Qd5 b5 31. Bb3 h3 32. Rd3 hxg2 33. Kxg2 Qg7 34. Kf1 Rd8 35. Qxd8 Bxd8 36. Nxe5 Qxe5 37. Rxd8 Qxe4 38. Bc2 Qxc2 0-1


[Site "https://www.chess.com"]

[Event "Titled Tuesday Blitz May 03 Late 2022"]
[White "Trost, Edvin"]
[Black "Rytenko, Vsevolod"]
[WhiteFideId "1729519"]
[BlackFideId "14133040"]
[WhiteElo "2160"]
[BlackElo "2120"]
[Result "0-1"]
[Round "10"]
[TimeControl "180+1"]
[Date "2022.05.03"]
[WhiteClock "0:00:06"]
[BlackClock "0:00:21"]

1. d4 Nf6 2. c4 c6 3. Bf4 d5 4. e3 Bf5 5. Nc3 e6 6. Qb3 Qb6 7. c5 Qxb3 8. axb3 Nbd7 9. b4 Nh5 10. Bg3 Nxg3 11. hxg3 Be7 12. b5 O-O 13. Nf3 e5 14. Kd2 Bf6 15. Ra4 Rfe8 16. Be2 exd4 17. exd4 Nf8 18. Bd3 Bg4 19. Nh2 Bd7 20. bxc6 Bxc6 21. Bb5 Ne6 22. Nf3 g5 23. g4 Nf4 24. g3 Bxb5 25. Nxb5 Re2+ 26. Kd1 Rxb2 27. Nc7 Ne6 28. Nxa8 Rb1+ 29. Ke2 Rxh1 30. Rxa7 Nxd4+ 31. Nxd4 Bxd4 32. Rxb7 Bxc5 33. Rc7 Bd4 34. Rd7 Ra1 35. Rxd5 Ra2+ 36. Kf1 Bxf2 37. Rxg5+ Kf8 38. Nc7 Bxg3 39. Nd5 Rf2+ 40. Kg1 Rd2 41. Rf5 Kg7 42. Nf6 Ra2 43. Nh5+ Kg6 44. Nxg3 h6 45. Rd5 Ra4 46. Rd6+ Kg5 47. Kf2 Ra2+ 48. Kf3 Ra3+ 49. Kg2 Kxg4 50. Rd4+ Kg5 51. Kh3 h5 52. Rd5+ Kg6 53. Kh4 Ra4+ 54. Kh3 f6 55. Rxh5 Ra3 56. Rb5 f5 57. Kg2 f4 58. Ne4 Re3 59. Nf2 Ra3 60. Rc5 Rg3+ 61. Kf1 Ra3 62. Ke2 Re3+ 63. Kd2 Ra3 64. Nd3 f3 65. Ke3 f2 66. Rc1 Ra2 67. Nxf2 Ra3+ 68. Kf4 Ra8 69. Ne4 Ra4 70. Rc6+ Kf7 71. Ke5 Ke7 72. Rc7+ Kd8 73. Rh7 Ra6 74. Nd6 Ra1 75. Rh8+ Kd7 76. Rh7+ Kc6 77. Ne4 Re1 78. Rh6+ Kd7 79. Rh8 Kc7 80. Rh7+ Kc6 81. Rf7 Kb6 82. Kd4 Rd1+ 83. Kc4 Rc1+ 84. Nc3 Rh1 85. Rf6+ Kc7 86. Kc5 Kd7 87. Nd5 Rc1+ 88. Kd4 Rd1+ 89. Ke4 Re1+ 90. Ne3 Ke7 91. Rh6 Kf7 92. Rh7+ Kg6 93. Ra7 Rb1 94. Kf4 Rb4+ 95. Ke5 Rb5+ 96. Nd5 Rb1 97. Ra6+ Kg5 98. Ke4 Re1+ 99. Ne3 Rb1 100. Ra5+ Kf6 101. Rf5+ Ke6 102. Nc2 Rb2 103. Nd4+ Kd6 104. Rf6+ Ke7 105. Ra6 Rb1 106. Ke5 Re1+ 107. Kd5 Kf7 108. Nf5 Rd1+ 109. Ke5 Re1+ 110. Kf4 Rf1+ 111. Ke4 Re1+ 0-1


[Site "https://www.chess.com"]

[Event "Titled Tuesday Blitz May 03 Late 2022"]
[White "Turutin, Alexander"]
[Black "Bifulco, Michel"]
[WhiteFideId "4180623"]
[BlackFideId "828580"]
[WhiteElo "2402"]
[BlackElo "2165"]
[Result "0-1"]
[Round "10"]
[TimeControl "180+1"]
[Date "2022.05.03"]
[WhiteClock "0:00:04"]
[BlackClock "0:00:07"]

1. e4 e5 2. Nf3 Nc6 3. Bb5 g6 4. d4 exd4 5. c3 Bg7 6. cxd4 a6 7. Ba4 b5 8. Bb3 Nge7 9. Nc3 O-O 10. O-O d6 11. h3 Na5 12. Be3 Nxb3 13. axb3 Bb7 14. Qd2 b4 15. Ne2 Bxe4 16. Ne1 Nd5 17. Bh6 Re8 18. Ng3 Qh4 19. Bxg7 Kxg7 20. Ra5 Nf4 21. Nxe4 Rxe4 22. Nf3 Qf6 23. Re1 Nxh3+ 24. Kf1 Rxe1+ 25. Qxe1 Nf4 26. Qxb4 Re8 27. Rxa6 Qf5 28. Qd2 Qg4 29. Ne1 Re2 30. Qd1 Rxe1+ 31. Kxe1 Qxg2 32. Ra1 Qg1+ 33. Kd2 Qxf2+ 34. Kc3 Nd5+ 35. Kc4 Nb6+ 36. Kd3 Qg3+ 37. Kc2 Qg2+ 38. Kb1 Qc6 39. Ra3 Nd5 40. b4 Nxb4 41. Rc3 Qe4+ 42. Ka1 Qa8+ 43. Kb1 Qa2+ 44. Kc1 Qa1+ 45. Kd2 Qxb2+ 0-1


[Site "https://www.chess.com"]

[Event "Titled Tuesday Blitz May 03 Late 2022"]
[White "Vasquez Schroeder, Rodrigo"]
[Black "Bluebaum, Matthias"]
[WhiteFideId "3400042"]
[BlackFideId "24651516"]
[WhiteElo "2561"]
[BlackElo "2550"]
[Result "0-1"]
[Round "10"]
[TimeControl "180+1"]
[Date "2022.05.03"]
[WhiteClock "0:00:06"]
[BlackClock "0:00:02"]

1. e4 c6 2. Nf3 d5 3. d3 Bg4 4. Be2 e6 5. Nbd2 Nf6 6. O-O Be7 7. Ne1 Bxe2 8. Qxe2 O-O 9. f4 c5 10. Nef3 Nc6 11. c3 b5 12. Re1 c4 13. d4 dxe4 14. Nxe4 Qd5 15. Ng3 Rfe8 16. Ne5 Rab8 17. Be3 Rec8 18. Rad1 a5 19. Bf2 g6 20. f5 Bf8 21. Nxc6 Rxc6 22. fxg6 hxg6 23. Be3 Bg7 24. Bf4 Re8 25. Be5 Nd7 26. Bxg7 Kxg7 27. Qf2 b4 28. Nf1 bxc3 29. bxc3 Qf5 30. Qe2 Nf6 31. Ne3 Qg5 32. Rf1 Nd5 33. Nxd5 Qxd5 34. Rde1 Rb6 35. Qf2 Qb7 36. Qf6+ Kg8 37. Re5 Rb1 38. h4 Rxf1+ 39. Qxf1 Qb2 40. Qxc4 Qc1+ 41. Kh2 Qf4+ 42. Kh3 Kg7 43. Qe2 Rh8 44. g3 Qc1 45. Qf3 Rc8 46. Re3 Rb8 47. Qf4 Rb2 48. a4 Qh1+ 49. Kg4 Qd1+ 50. Rf3 f5+ 51. Kg5 Rb7 52. g4 Qg1 53. Rg3 Qd1 54. Qe5+ Kh7 55. Qxe6 Qc1+ 56. Qe3 Qa3 57. h5 Qf8 58. hxg6+ Kg8 59. Qe6+ Kg7 60. gxf5 Qd8+ 61. f6+ Kf8 62. Rh3 Rh7 0-1


[Site "https://www.chess.com"]

[Event "Titled Tuesday Blitz May 03 Late 2022"]
[White "Vega Gutierrez, Sabrina"]
[Black "Mikhailov, Viacheslav"]
[WhiteFideId "2219026"]
[BlackFideId "4187369"]
[WhiteElo "2286"]
[BlackElo "2381"]
[Result "1-0"]
[Round "10"]
[TimeControl "180+1"]
[Date "2022.05.03"]
[WhiteClock "0:00:08"]
[BlackClock "0:00:10"]

1. e4 d6 2. d4 Nf6 3. Nc3 g6 4. h4 Bg7 5. h5 O-O 6. hxg6 hxg6 7. Nf3 Bg4 8. Be2 Nc6 9. Be3 e5 10. dxe5 dxe5 11. Ng5 Bxe2 12. Nxe2 Ng4 13. Qxd8 Rfxd8 14. c3 Nxe3 15. fxe3 Rd3 16. Kf2 Rad8 17. Nf3 Bf8 18. Nc1 R3d7 19. Nb3 Be7 20. Rh3 Rd1 21. Rh1 Rxa1 22. Rxa1 Kg7 23. a4 f5 24. Ke2 f4 25. Rd1 Rxd1 26. Kxd1 g5 27. Ke2 g4 28. Nfd2 Kg6 29. Nc4 Kg5 30. Nc1 Kh4 31. Kf2 Bc5 32. Nd3 fxe3+ 33. Ke2 Bb6 34. b4 a6 35. b5 axb5 36. axb5 Na5 37. Nxb6 cxb6 38. Nxe5 Kg3 39. Kxe3 Nb3 40. Kd3 Nc5+ 41. Kd4 Ne6+ 42. Kd5 Ng5 43. c4 Kf4 44. Kd6 Nxe4+ 45. Kd5 Nf6+ 46. Ke6 Ne4 47. Kd5 Nc5 48. Kd6 g3 49. Ng6+ Ke3 50. Kc7 Ne6+ 51. Kxb7 Kf2 52. Nh4 Nf4 53. Kxb6 Nxg2 54. Nf5 Ne3 55. Nxg3 Nxc4+ 56. Kc5 Na5 57. Ne4+ Ke3 58. Nd6 Kf4 59. Kb4 Ke5 60. Kxa5 Kxd6 61. Kb6 Kd7 62. Kb7 Kd8 63. b6 Kd7 64. Ka7 Kc6 65. b7 Kb5 66. b8=Q+ Ka5 67. Qb6+ Ka4 68. Kb7 Ka3 69. Kc6 Ka4 70. Kc5 1-0


[Site "https://www.chess.com"]

[Event "Titled Tuesday Blitz May 03 Late 2022"]
[White "Vusatiuk, Vladimir"]
[Black "Janaszak, Dawid"]
[WhiteFideId "14118610"]
[BlackFideId "1119206"]
[WhiteElo "2157"]
[BlackElo "2199"]
[Result "0-1"]
[Round "10"]
[TimeControl "180+1"]
[Date "2022.05.03"]
[WhiteClock "0:00:02"]
[BlackClock "0:00:07"]

1. Nf3 Nf6 2. b3 d6 3. d4 Bg4 4. Nbd2 g6 5. e3 Bg7 6. Bb2 O-O 7. Be2 c6 8. O-O Nbd7 9. h3 Bxf3 10. Nxf3 d5 11. c4 e6 12. a4 a5 13. Qc2 Re8 14. Rfd1 Qb8 15. Rac1 Qa7 16. Ba3 Bf8 17. Bxf8 Kxf8 18. cxd5 exd5 19. Bd3 Qb6 20. Qc3 Ne4 21. Bxe4 Rxe4 22. Ng5 Re7 23. Nxh7+ Kg7 24. Ng5 Rh8 25. Rb1 Qd8 26. b4 Nf6 27. b5 Rh5 28. Nf3 Ne4 29. Qe1 Qd6 30. bxc6 bxc6 31. Qxa5 g5 32. Ne5 f6 33. Ng4 Rh4 34. Qa8 Rh8 35. Qa6 Nc3 36. Rdc1 Nxb1 37. Rxc6 Qd8 38. Rxf6 Qe8 39. Rh6 Rf8 40. Ne5 Nc3 41. Rg6+ Kh7 42. Rh6+ Kg7 43. Qd6 Ne4 44. Rg6+ Kh7 45. Rh6+ Kg7 46. Rg6+ Kh7 47. Qxd5 Rxe5 48. dxe5 Qxg6 49. e6 Nxf2 50. e7 Re8 51. Qd8 Qf7 52. a5 Qxe7 53. Qd2 Qxe3 54. Qc2+ Qd3 55. Qc7+ Kh8 56. Kxf2 Qe3+ 57. Kf1 Qe1# 0-1


[Site "https://www.chess.com"]